 Dungeon Crawl Stone Soup version 0.23-a0-537-g04293e54a7 (webtiles) character file.

18 Rrauwl the Skirmisher (level 2, -28/24 HPs)
             Began as a Demonspawn Berserker on Dec 7, 2018.
             Was a Follower of Trog.
             Killed from afar by a giant cockroach (42 damage)
             ... with an exploding inner flame
             ... hexed by the player character
             ... on level 2 of the Dungeon.
             The game lasted 00:02:30 (1090 turns).

Rrauwl the Skirmisher (Demonspawn Berserker)        Turns: 1090, Time: 00:02:31

Health: -28/24     AC:  7    Str: 17    XL:     2   Next: 51%
Magic:  2/2        EV:  8    Int:  8    God:    Trog [*.....]
Gold:   47         SH:  0    Dex: 12    Spells: 1/1 levels left

rFire    . . .     SeeInvis .   b - +2 hunting sling (freeze)
rCold    . . .     Gourm    .   (no shield)
rNeg     . . .     Faith    .   e - +0 ring mail
rPois    .         Spirit   .   (no helmet)
rElec    .         Reflect  .   (no cloak)
rCorr    .         Harm     .   (no gloves)
MR       .....                  (no boots)
Stlth    +.........             (no amulet)
HPRegen  0.08/turn              (no ring)
MPRegen  0.08/turn              (no ring)

@: constricted
A: thin metallic scales 1
a: Berserk, Renounce Religion


You were on level 2 of the Dungeon.
You worshipped Trog.
Trog was aware of your devotion.
You were hungry.

You visited 1 branch of the dungeon, and saw 2 of its levels.

You collected 47 gold pieces.

Inventory:

Hand Weapons
 a - a +0 spear
 b - a +2 hunting sling of freezing (weapon)
Missiles
 g - 23 arrows
 j - 3 stones (quivered)
Armour
 e - a +0 ring mail (worn)
Potions
 d - a potion of mutation {unknown}
 i - a potion of curing
Comestibles
 c - 2 rations
 h - a chunk of flesh


   Skills:
 + Level 3.2 Fighting
 + Level 2.9 Polearms
 + Level 2.1 Armour
 + Level 2.0 Dodging
 + Level 0.2 Stealth


You had one spell level left.
You didn't know any spells.
Your spell library was empty.

Dungeon Overview and Level Annotations

Branches:
Dungeon (2/15)

Altars:


Innate Abilities, Weirdness & Mutations

You are partially covered in thin metallic scales. (AC +2)


Message History

The ball python constricts you.
Unknown command.
Firing (i - inventory)
j - 4 stones (quivered)
Press: ? - help, Shift-Dir - straight line, f/p - giant cockroach
Aim: a giant cockroach (severely wounded, inner flame)
You shoot a stone.
The stone closely misses the giant cockroach.
The adder barely misses you. The jackal barely misses you.
The jackal bites you but does no damage.
The ball python barely misses you. The ball python constricts you.
The adder bites you but does no damage. The jackal bites you.
Firing (i - inventory)
j - 3 stones (quivered)
Press: ? - help, Shift-Dir - straight line, f/p - giant cockroach
Aim: a giant cockroach (severely wounded, inner flame)
You shoot a stone. The stone hits the giant cockroach.
The stone freezes the giant cockroach.
The giant cockroach explodes!
The fiery explosion engulfs you!
Ouch! That really hurt!
You die...

##########
##>(......
#####.......###
#..............
..!.........###
.....§hsS...!.$
......§@S..#
.....§w§h..#
#####....$.#
#......#
#...#### #(..#
#####


You could see a worm (inner flame), an adder (inner flame), 2 jackals, a giant
cockroach (inner flame) and a ball python (inner flame).

Vanquished Creatures
  A dart slug (D:1)
  2 leopard geckos (D:1)
  A bat (D:1)
  2 giant cockroaches (D:1)
  2 goblins (D:1)
  A hobgoblin (D:1)
  A jackal (D:1)
  2 kobolds (D:1)
  A rat (D:1)
13 creatures vanquished.

Notes
Turn   | Place    | Note
-------+----------+-------------------------------------------
     0 | D:1      | Rrauwl the Demonspawn Berserker began the quest for the
                  | Orb.
     0 | D:1      | Reached XP level 1. HP: 18/18 MP: 1/1
   436 | D:1      | Gained mutation: You are partially covered in thin metallic
                  | scales. (AC +2) [demonic ancestry]
   436 | D:1      | Reached XP level 2. HP: 24/24 MP: 2/2
  1090 | D:2      | Killed from afar by a giant cockroach

Vault maps used:
D:1:      arrival_zaba_pyramid

Skill      XL: |  1 |
---------------+----+-----
Armour         | 2 |  2.1
Dodging        | 2 |  2.0
Fighting       | |  3.2
Polearms       | |  2.9
Stealth        | |  0.2

Action                   || total
-------------------------++-------
Melee: Spear             ||    46
 Fire: Hunting sling     ||    11
  Use: Scroll            ||     1
       Potion            ||     1
 Stab: Sleeping          ||     1
Armor: Animal skin       ||     6
       Ring mail         ||    23
Dodge: Dodged            ||    51

Table legend:
 A = Non-vault XP
 B = Vault XP
 C = Vault XP percentage of total XP
 D = Non-vault monster count
 E = Vault monster count
 F = Vault count percentage of total count
                 A         B        C        D         E       F
            +---------+---------+-------+---------+---------+-------
      Total |      27 |       0 |   0.0 |      13 |       0 |   0.0
            +---------+---------+-------+---------+---------+-------
        D:1 |      27 |       0 |   0.0 |      13 |       0 |   0.0
            +---------+---------+-------+---------+---------+-------
